 Dungeon Crawl Stone Soup version 0.27.1-34-g3ba077fa99 (webtiles) character file.

Game seed: 13393715052379841815

46 lonewolfV2 the Chopper (level 3, -2/42 HPs)
             Began as a Demonspawn Gladiator on Jan 13, 2022.
             Slain by a gnoll (5 damage)
             ... on level 2 of the Dungeon.
             The game lasted 00:03:05 (2537 turns).

lonewolfV2 the Chopper (Demonspawn Gladiator)       Turns: 2537, Time: 00:03:05

Health: -2/42      AC: 21    Str: 15    XL:     3   Next: 44%
Magic:  3/3        EV:  2    Int:  9    God:
Gold:   74         SH:  0    Dex: 14    Spells: 2/2 levels left

rFire    . . .     SeeInvis .   f - +3 whip (vamp)
rCold    . . .     Faith    .   (no shield)
rNeg     + + +     Spirit   .   (armour currently unavailable)
rPois    +         Reflect  .   (helmet currently unavailable)
rElec    .         Harm     .   (cloak currently unavailable)
rCorr    .         Rampage  .   (gloves currently unavailable)
Will     .....     NoTele   +   (boots currently unavailable)
Stlth    +.........             (no amulet)
HPRegen  0.14/turn              (no ring)
MPRegen  0.08/turn              (no ring)

@: tree-form
A: stationary, stasis, torment immunity, boosted hp, (hooves 1)
a: no special abilities


You were on level 2 of the Dungeon.
You were a tree.
You visited 1 branch of the dungeon, and saw 3 of its levels.

You collected 74 gold pieces.

Inventory:

Hand Weapons
 a - a +0 war axe
 f - a +3 vampiric whip (weapon)
Missiles
 d - 3 throwing nets (quivered)
Armour
 b - a +0 leather armour (melded)
 c - a +1 helmet (melded)
Scrolls
 g - a scroll of immolation


   Skills:
 + Level 2.3 Fighting
 + Level 3.1(3.2) Axes
 + Level 0.5(2.0) Maces & Flails
 + Level 2.0 Throwing
 + Level 1.2 Armour
 + Level 2.9 Dodging


You had 2 spell levels left.
You didn't know any spells.
Your spell library was empty.

Dungeon Overview and Level Annotations

Branches:
Dungeon (3/15)

Altars:

Shops:
D:2 [

Annotations:
D:3 Jessica


Innate Abilities, Weirdness & Mutations

You are a tree.
Your roots penetrate the ground, keeping you stationary.
You cannot be teleported.
You are immune to unholy pain and torment.
Your maximum health is greatly increased.
Your equipment is partially melded.
((You have large cloven feet.))


Message History

The hobgoblin hits you but does no damage.
Jessica gestures wildly while chanting.
Jessica blinks!
The gnoll closely misses you.
You barely miss the gnoll.
The gnoll is lightly wounded.
The hobgoblin barely misses you.
An endoplasm comes into view.
The gnoll hits you with a +2 whip of electrocution.
Jessica mumbles some strange words.
Jessica blinks!
You barely miss the gnoll.
The endoplasm quivers.
You kick the gnoll.
The gnoll is moderately wounded.
The hobgoblin closely misses you. The gnoll closely misses you.
The gnoll hits you from afar with a +0 spear!
You closely miss the gnoll. The hobgoblin barely misses you.
The gnoll hits you with a +0 whip!
* * * LOW HITPOINT WARNING * * *
The gnoll hits you from afar with a +0 spear.
* * * LOW HITPOINT WARNING * * *
Jessica gestures at you while chanting. Pain shoots through your body!
* * * LOW HITPOINT WARNING * * *
The hobgoblin closely misses you. The gnoll hits you but does no damage.
The gnoll closely misses you. The gnoll barely misses you.
The gnoll misses you.
You climb upwards.
There is a stone staircase leading down here.
Sorry, you're not good enough to have a special ability.
It was a potion of lignification.
You turn into a tree.
Your +1 helmet melds into your body.
Your +0 leather armour melds into your body.
Your roots penetrate the ground.
The hobgoblin hits you but does no damage.
The gnoll hits you but does no damage. x2
You barely miss the hobgoblin.
The hobgoblin hits you but does no damage.
The gnoll hits you with a +0 club.
You die...

#######........♣.♣.............#§
........###.###♣.♣.....##########
...............♣.♣..............#
....########.##♣.♣..........###.#
....# #.#.#............# #..
....# #...........(....# ###
..♣♣♣ ##..#............# #
.♣.P♣♣♣♣ #..#............# #
....P..♣ #..g♣#'###......# #
#♣P♣PP♣♣ #..gg#.# #......# #
..♣♣♣♣♣ ##.#.#.# ######## # ##.#
#.#.#.# # #.# #.#.#.# # #.#
#.#.#.# # ##.# #.#.#.# #
#..####### #.#.#.# #
#....≈...#####.#.#.# #


You could see 2 gnolls and a hobgoblin.

Vanquished Creatures
  An adder (D:2)
  A worm (D:2)
  4 bats
  An endoplasm (D:1)
  4 giant cockroaches
  2 goblins
  5 hobgoblins
  2 ball pythons
  6 frilled lizards
  2 kobolds (D:2)
  6 rats
34 creatures vanquished.

Vanquished Creatures (others)
  A plant (D:2)
1 creature vanquished.

Grand Total: 35 creatures vanquished

Notes
Turn   | Place    | Note
-------+----------+-------------------------------------------
     0 | D:1      | lonewolfV2 the Demonspawn Gladiator began the quest for the
                  | Orb.
     0 | D:1      | Reached XP level 1. HP: 16/16 MP: 1/1
   294 | D:1      | Reached skill level 3 in Axes
   294 | D:1      | Gained mutation: You have large cloven feet. [demonic
                  | ancestry]
   294 | D:1      | Reached XP level 2. HP: 9/22 MP: 2/2
  1285 | D:2      | Found Womyw's Antique Armour Shoppe.
  1430 | D:2      | Reached skill level 1 in Armour
  1430 | D:2      | Reached XP level 3. HP: 25/27 MP: 3/3
  2528 | D:3      | Noticed Jessica
  2537 | D:2      | Slain by a gnoll

Illustrated notes

Levels and vault maps discovered:
D:1:      erik_arrival_blinker_ship, layout_basic, chequers_avenue
D:2:      mumra_celtic_spiral_tile, layout_basic, serial_shops,
          nicolae_diamond_shop, serial_forest, infiniplex_forest_lined_3,
          infiniplex_forest_clump_medium, infiniplex_forest_straight_2,
          infiniplex_forest_end_1, infiniplex_forest_end_1,
          infiniplex_forest_clump_small, infiniplex_forest_clump_small
D:3:      layout_basic, lemuel_coloured_pillars_altar, glass_columns_a,
          serial_park_tiny_pond, minmay_goblin_outpost, uniq_jessica

Skill      XL: |  1  2  3 |
---------------+----------+-----
Axes           | 3 |  3.1
Armour         | 1 |  1.2
Throwing       | 2 |  2.0
Fighting       | |  2.3
Maces & Flails | |  0.5
Dodging        | |  2.9

Action                   || total
-------------------------++-------
Melee: Whip              ||    90
       War axe           ||     7
       Kick              ||    18
  Use: Scroll            ||     8
       Potion            ||     1
Armor: Leather armour    ||    26
       Skin              ||     4
Dodge: Dodged            ||    63
